 Dungeon Sprint DCSS version 0.30-a0-779-g7971cf19c3 (webtiles) character file.

Game seed: 897988083576157609

1483 dialectric the Basher (level 8, -4/85 HPs)
             Began as a Gargoyle Fighter on Feb 17, 2023.
             Was an Initiate of Trog.
             Shot with a bolt by a yaktaur (19 damage)
             ... in the Dungeon (Sprint II: "The Violet Keep of Menkaure").
             The game lasted 00:03:38 (304 turns).

dialectric the Basher (Gargoyle Fighter)             Turns: 304, Time: 00:03:39

Health: -4/85      AC: 14    Str: 21    XL:     8   Next: 79%
Magic:  8/8        EV: 10    Int: 10    God:    Trog [......]
Gold:   109        SH:  0    Dex:  7    Spells: 7/7 levels left

rFire   . . .      SeeInvis .    a - +0 flail
rCold   . . .      Faith    .    (no shield)
rNeg    + . .      Spirit   .    b - +0 scale mail
rPois   ∞          Reflect  .    (no helmet)
rElec   +          Harm     .    (no cloak)
rCorr   .          Rampage  .    (no gloves)
Will    ++...      NoTele   +    (no boots) Stlth
                                 k - amulet of Nodamot {Acrobat Will++ Regen+ Dex-2}
HPRegen 1.14/turn                (no ring)
MPRegen 0.11/turn                (no ring)

@: berserking (expiring), very quick
A: sickness immunity, AC +5, negative energy resistance 1, electricity
resistance, torment resistance 1, petrification resistance
a: Renounce Religion


You were in the Dungeon.
You worshipped Trog.
Trog was noncommittal.
You visited 1 branch You collected 980 gold pieces.
You spent 871 gold pieces at shops.

Inventory:

Hand Weapons
 a - a +0 flail (weapon)
Armour
 b - a +0 scale mail (worn)
 c - a +0 buckler
Jewellery
 k - the amulet of Nodamot (around neck) {Acrobat Will++ Regen+ Dex-2}
   (You bought it in a shop in the Dungeon)

   [amulet of the acrobat]

   It increases your evasion while moving and waiting.
   Dex:       It affects your dexterity (-2).
   Regen:     It increases your rate of health regeneration.
   Will:      It greatly increases your willpower.
Scrolls
 j - a scroll of blinking
Potions
 e - a potion of curing
 f - a potion of heal wounds
 g - 2 potions of haste
 h - 2 potions of magic


   Skills:
 - Level 10.0 Fighting
 * Level 12.5 Maces & Flails
 + Level 12.1 Armour
 - Level 2.2 Dodging
 - Level 5.4 Shields


You had 7 spell levels left.
You didn't know any spells.
Your spell library was empty.

Dungeon Overview and Level Annotations

Branches:
Dungeon (1/1)

Altars:
Cheibriados
Dithmenos
Elyvilon
Fedhas
Gozag
Hepliaklqana
Kikubaaqudgha
Makhleb
Nemelex Xobeh
Okawaru
Qazlal
Ru
Sif Muna
Trog
Uskayaw
Vehumet
Wu Jian
Xom
Yredelemnul
Zin
The Shining One
Jiyva
Lugonu

Shops:
D !=::*:?![(!:[*=

Annotations:
D exclusion: oklob plant, Roxanne


Innate Abilities, Weirdness & Mutations

You are immune to sickness and miasma.
Your stone body is resilient. (AC +5)
You are immune to poison.
You resist negative energy. (rN+)
You are resistant to electric shocks. (rElec)
You are resistant to unholy torment.
You are immune to petrification.


Message History

The bolt hits you!!
You closely miss the polar bear. You sock the polar bear!
The polar bear is almost dead.
The polar bear barely misses you.
The polar bear claws you but does no damage.
The polar bear barely misses you.
The polar bear bites you but does no damage.
The polar bear claws you but does no damage. x2
The polar bear is engulfed in poison gas.
The polar bear looks as sick as possible!
The polar bear bites you!
The polar bear claws you but does no damage. x2
The yaktaur shoots a bolt.
The bolt hits you!
* * * LOW HITPOINT WARNING * * *
Unknown command.
You hit the polar bear but do no damage.
The polar bear is almost dead.
You hit the polar bear.
You kill the polar bear!
Trog accepts your kill.
The polar bear barely misses you. x2; The polar bear closely misses you.
The polar bear bites you.
* * * LOW HITPOINT WARNING * * *
The polar bear claws you but does no damage. x2
The yaktaur shoots a bolt.
The bolt barely misses you.
Your Maces & Flails skill increases to level 12!
Your Armour skill increases to level 12!
Unknown command.
You are too berserk!
You hit the polar bear but do no damage.
Unknown command.
You barely miss the polar bear. The polar bear bites you.
* * * LOW HITPOINT WARNING * * *
The polar bear claws you but does no damage. x2
The polar bear bites you but does no damage.
The polar bear misses you.
The polar bear claws you but does no damage.
The yaktaur shoots a bolt.
The bolt hits you!!
You die...

<.÷##.+.†### ..##.#▓$[$!?!$
.##...#§...###§§.##▓▓▓▓▓▓▓+
†###.##.....§~☼§~~~~~~~~~~
#.####§~.....~#'########+##
##.#~§~~~~~..~#§§☼§☼§☼§#~~~
.###~~~~~~~§.~#☼§.☼☼○§§#~§§
+##~~§≈≈§§§§§§#§○○§☼☼§§#~~~
~~~§~§≈§§§~~#§hhc§§○§#~~~ #
++#~≈≈≈§≈≈§§#§@_§○○☼§#S~§ .
##§§≈###§≈#☼☼☼§§§§☼#S§~ #§≈
#§§#§§§☼§○§☼#~~§
#§§#§§☼○§§○§#~§≈
≈≈≈≈##########~≈§
######~~~~~~~~~≈§≈
...###~########≈▓▓ °...##~
....+~


You could see 2 polar bears and a yaktaur (poisoned).

Vanquished Creatures
  A merfolk siren (D)
  A polar bear (D)
  A hornet (D)
  A vampire mosquito (D)
  Menkaure (D)
  A water moccasin (D)
  4 necrophages (D)
  4 scorpions (D)
  3 worms (D)
17 creatures vanquished.

Notes
Turn   | Place    | Note
-------+----------+-------------------------------------------
     0 | D        | dialectric the Gargoyle Fighter began the quest for the
                  | Orb.
     0 | D        | Reached XP level 1. HP: 14/14 MP: 1/1
     8 | D        | Noticed a scorpion
     8 | D        | Noticed a scorpion
     8 | D        | Noticed a scorpion
     8 | D        | Noticed a scorpion
    16 | D        | Killed a scorpion
    17 | D        | Reached skill level 5 in Fighting
    17 | D        | Reached skill level 5 in Armour
    17 | D        | Reached skill level 5 in Shields
    17 | D        | Reached XP level 2. HP: 19/21 MP: 2/2
    17 | D        | Reached XP level 3. HP: 24/26 MP: 3/3
    17 | D        | Reached XP level 4. HP: 29/31 MP: 4/4
    18 | D        | Killed a scorpion
    19 | D        | Reached XP level 5. HP: 34/37 MP: 5/5
    22 | D        | Reached skill level 5 in Maces & Flails
    24 | D        | Reached XP level 6. HP: 40/44 MP: 6/6
    25 | D        | Noticed a merfolk siren
    37 | D        | Killed a merfolk siren
    38 | D        | Reached skill level 10 in Armour
    38 | D        | Reached skill level 1 in Dodging
    38 | D        | Reached XP level 7. HP: 45/52 MP: 7/7
    50 | D        | Reached skill level 10 in Fighting
   116 | D        | Found Ynug's Jewellery Shop.
   116 | D        | Found Kiusao Naeg's Assorted Antiques.
   116 | D        | Found Xeoha's Distillery.
   116 | D        | Found Edwuq's Book Shop.
   116 | D        | Found Seosch's Antique Armour Boutique.
   116 | D        | Found Raalal's Antique Weapon Boutique.
   116 | D        | Found Jociane's Distillery.
   117 | D        | Found Bovveisy's Magic Scroll Shop.
   118 | D        | Found Qaplenni's Book Shop.
   118 | D        | Found Otiurhov's Assorted Antiques.
   119 | D        | Found Deamyzue's Antique Armour Boutique.
   120 | D        | Found Risiupott's Book Boutique.
   120 | D        | Noticed Menkaure
   120 | D        | Noticed an oklob plant
   121 | D        | Found Dadghunwi's Jewellery Shop.
   121 | D        | Found Secs's Distillery.
   121 | D        | Found Rutaegh's Book Shoppe.
   127 | D        | Noticed a hell hog
   130 | D        | Noticed a hell hog
   131 | D        | Noticed a fire dragon
   138 | D        | Killed Menkaure
   139 | D        | Reached skill level 10 in Maces & Flails
   139 | D        | Reached XP level 8. HP: 57/57 MP: 8/8
   142 | D        | Bought a scroll of poison for 56 gold pieces
   143 | D        | Bought a potion of heal wounds for 50 gold pieces
   146 | D        | Bought a potion of haste for 110 gold pieces
   148 | D        | Bought the amulet of Nodamot {Acrobat Will++ Regen+ Dex-2}
                  | for 655 gold pieces
   257 | D        | Identified Roxanne's Volume of the Volcano
   257 | D        | Noticed Roxanne
   275 | D        | Found an iron altar of Okawaru.
   275 | D        | Found a radiant altar of Vehumet.
   276 | D        | Found a sparkling altar of Nemelex Xobeh.
   276 | D        | Found a hide-covered altar of Uskayaw.
   276 | D        | Found a glowing silver altar of Zin.
   277 | D        | Found an opulent altar of Gozag.
   277 | D        | Found a burning altar of Makhleb.
   277 | D        | Found a bloodstained altar of Trog.
   278 | D        | Found a blossoming altar of Fedhas.
   278 | D        | Found a corrupted altar of Lugonu.
   278 | D        | Found a basalt altar of Yredelemnul.
   278 | D        | Found a shimmering blue altar of Sif Muna.
   279 | D        | Found a white marble altar of Elyvilon.
   279 | D        | Found an ancient bone altar of Kikubaaqudgha.
   280 | D        | Found a shadowy altar of Dithmenos.
   280 | D        | Found a viscous altar of Jiyva.
   280 | D        | Found a shimmering altar of Xom.
   280 | D        | Found a sacrificial altar of Ru.
   281 | D        | Found a snail-covered altar of Cheibriados.
   283 | D        | Found a hazy altar of Hepliaklqana.
   283 | D        | Noticed a hornet
   283 | D        | Noticed a polar bear
   283 | D        | Noticed a polar bear
   283 | D        | Noticed a polar bear
   283 | D        | Noticed a yaktaur
   284 | D        | Found a glowing golden altar of the Shining One.
   284 | D        | Found an ornate altar of the Wu Jian Council.
   284 | D        | Found a stormy altar of Qazlal.
   291 | D        | Became a worshipper of Trog the Wrathful
   295 | D        | Killed a hornet
   302 | D        | Killed a polar bear
   304 | D        | Shot with a bolt by a yaktaur

Illustrated notes

Levels and vault maps discovered:
D:        the_violet_keep_of_menkaure [sprint2_stairs_cluster_1,
          sprint2_shoproom, sprint2_temple, sprint2_basic_supplies,
          sprint2_obstacle_1, sprint2_obstacle_2, sprint2_obstacle_6,
          sprint2_obstacle_7, sprint2_obstacle_5, sprint2_timed_cluster_1,
          sprint2_smallroom_cluster_1, sprint2_smallroom_final_cluster_1,
          sprint2_transparent_cluster_1, sprint2_second_timed_cluster_1,
          sprint2_sniper_area_1, sprint2_heavy_combat_area_1,
          sprint2_mutation_trap_area_1, sprint2_forest_area_1,
          sprint2_light_combat_area_1, sprint2_behind_water_1,
          sprint2_near_end_vault_1]

Skill      XL: |  1  2  3  4  5  6  7  8 |
---------------+-------------------------+-----
Fighting       | 5 6 8 9 10 | 10.0
Maces & Flails | 3 4 5 8 10 12 | 12.5
Armour         | 5 7 8 10 11 12 | 12.1
Shields        | 5 |  5.4
Dodging        | 1 2 |  2.2

Action                     |  1- 3 |  4- 6 |  7- 9 || total
---------------------------+-------+-------+-------++-------
  Melee: Flail             |     7 |    17 |   101 ||   125
         Punch             |       |     1 |       ||     1
    Use: Potion            |     1 |       |     2 ||     3
         Scroll            |       |       |     1 ||     1
 Armour: Scale mail        |     6 |     1 |    65 ||    72
  Dodge: Dodged            |     2 |     5 |    87 ||    94

Table legend: (Time is in decaauts)
 A = Elapsed time spent in this place.
 B = Non-inter-level travel time spent in this place.
 C = Inter-level travel time spent in this place.
 D = Time resting spent in this place.
 E = Time spent auto-exploring this place.
 F = Levels seen in this place.
 G = Mean time per level.
                   A        B        C        D        E       F      G
               +--------+--------+--------+--------+--------+-----+--------+
         Total |    308 |    308 |      0 |      0 |     50 |   1 |  308.0 |
       Dungeon |    308 |    308 |      0 |      0 |     50 |   1 |  308.0 |
               +--------+--------+--------+--------+--------+-----+--------+

Top non-repeatable levels by time:
       D: 308 daAuts
